 Dungeon Crawl Stone Soup version 0.31-a0-672-g7da72447bb (webtiles) character file.

Game seed: 8309298701459281035

151 gruber the Conjurer (level 5, -3/31 HPs)
             Began as an Octopode Conjurer on Sept 4, 2023.
             Slain by Grinder (8 damage)
             ... while paralysed by Grinder
             ... on level 3 of the Dungeon.
             The game lasted 00:02:27 (2966 turns).

gruber the Conjurer (Octopode Conjurer)             Turns: 2966, Time: 00:02:28

Health: -3/31      AC:  1    Str:  7    XL:     5   Next: 33%
Magic:  0/9        EV:  2    Int: 22    God:
Gold:   95         SH:  0    Dex: 10    Spells: 7/10 levels left

rFire   . . .        o - +2 short sword (speed)
rCold   . . .        (no shield)
rNeg    . . .        (helmet restricted)
rPois   .            (no amulet)
rElec   .            (no ring)
rCorr   .            (no ring)
SInv    .            (no ring)
Will    .....        (no ring)
Stlth   +++          (no ring)
HPRegen 0.25/turn    (no ring)
MPRegen 0.11/turn    (no ring)
                     (no ring)

%: no passive effects
@: paralysed
A: almost no armour, amphibious, 8 rings, camouflage 1, gelatinous body 1,
(nimble swimmer 1), tentacles
a: no special abilities


You were on level 3 of the Dungeon.
You visited 1 branch of the dungeon, and saw 3 of its levels.

You collected 95 gold pieces.

Inventory:

Hand Weapons
 o - a +2 short sword of speed (weapon)
Jewellery
 g - a ring of fire
 r - a ring of wizardry
Scrolls
 d - a scroll of fear {unknown}
 e - a scroll of silence {unknown}
 f - 3 scrolls of identify {unknown}
 h - a scroll of enchant weapon {unknown}
 i - 3 scrolls of enchant armour {unknown}
 m - 3 scrolls of noise {unknown}
 p - a scroll of amnesia {unknown}
 q - a scroll of vulnerability {unknown}
Potions
 a - 2 potions of magic
 b - a potion of enlightenment {unknown}
 c - a potion of attraction {unknown}
 j - a potion of mutation {unknown}
 k - a potion of heal wounds {unknown}
 l - a potion of berserk rage {unknown}
 n - 2 potions of haste {unknown}


   Skills:
 - Level 2.0 Dodging
 - Level 2.6 Stealth
 + Level 3.2 Spellcasting
 + Level 5.8 Conjurations


You had 7 spell levels left.
You knew the following spells:

 Your Spells              Type           Power      Damage    Failure   Level
a - Magic Dart            Conj           100%       1d8       1%          1
b - Searing Ray           Conj           58%        2d6       1%          2

Your spell library contained the following spells:

 Spells                   Type           Power      Damage    Failure   Level
 Dazzling Flash           Conj/Hex       32%        N/A       11%         3
 Necrotise                Necr           12%        1d4       12%         1
 Vampiric Draining        Necr           3%         2d6       36%         3
 Fulminant Prism          Conj/Hex       8%         3d7       36%         4
 Iskenderun's Mystic Bla  Conj/Tloc      16%        2d5       36%         4
 Animate Dead             Necr           3%         N/A       77%         4
 Agony                    Necr           3%         N/A       98%         5
 Haunt                    Necr/Summ      1%         N/A       100%        7
 Infestation              Necr           1%         N/A       100%        8


Dungeon Overview and Level Annotations

Branches:
Dungeon (3/15)

Altars:

Shops:
D:2 :?(!*

Annotations:
D:2 2 transporters
D:3 3 runed translucent doors, Cris's ghost, weakling DgSh; Grinder


Innate Abilities, Weirdness & Mutations

You cannot wear most types of armour.
You are amphibious.
You can wear up to eight rings at the same time.
Your skin changes colour to match your surroundings (Stealth+).
Your rubbery body absorbs attacks. (AC +1, EV +1)
((You are camouflaged when in or above water. (Stealth+)))
You have tentacles for arms and can constrict up to eight enemies at once.


Message History

Grinder blinks!
Unknown command.
Unknown command.
Casting: Searing Ray (safe; 1% risk of failure)
Confirm with . or Enter, or press ? or * to list all spells.
Aiming: Searing Ray (safe; 1% risk of failure)
Press: ? - help, Shift-Dir - straight line, f/p - Grinder
Aim: Grinder (moderately wounded, 77% to hit)
The searing ray hits Grinder!
Grinder is severely wounded. (Press . to maintain the ray.) Unknown command.
Unknown command.
The searing ray hits Grinder!
Grinder is almost dead.
The searing ray misses Grinder.
Grinder barely misses you.
Unknown command.
You hit Grinder but do no damage. Your grab misses Grinder.
Grinder is almost dead.
Grinder hits you!
You are too injured to fight recklessly!
You hit Grinder. You grab Grinder.
Grinder is almost dead.
You constrict Grinder, but do no damage.
Grinder barely misses you.
You hit Grinder but do no damage.
Grinder is almost dead.
You constrict Grinder, but do no damage.
You hit Grinder but do no damage.
Grinder is almost dead.
You constrict Grinder. Grinder gestures at you.
You suddenly lose the ability to move!
You lose your grip on Grinder.
Grinder hits you.
* * * LOW HITPOINT WARNING * * *
You writhe in agony.
* * * LOW HITPOINT WARNING * * *
Grinder hits you!
You die...
Grinder says, "Now the real fun starts!"

##..# ####...# ###
........ #..
.####...########.###
.............5.....#.###
####..)######.........#
#...###....##...##.#
#..5##...#.## ####.#
#..@........# #....#
##...#......###.#..#
#..###.#...#...#...
##..#.###.##.#####.
#.#.# #.##...#... #.#.
#......#..# ..#
######...## ... ##.###
#.)..


You could see Grinder.

Vanquished Creatures
  An orc priest (D:3)
  A hound (D:3)
  2 adders
  4 dart slugs
  5 orcs (D:3)
  7 ball pythons
  5 endoplasms
  3 giant cockroaches
  2 goblins (D:1)
  3 hobgoblins
  10 jackals
  3 kobolds
  A quokka (D:1)
  4 bats
  2 frilled lizards (D:2)
  3 rats
56 creatures vanquished.

Notes
Turn   | Place    | Note
-------+----------+-------------------------------------------
     0 | D:1      | gruber the Octopode Conjurer began the quest for the Orb.
     0 | D:1      | Reached XP level 1. HP: 11/11 MP: 3/3
   174 | D:1      | Reached XP level 2. HP: 8/17 MP: 3/5
   472 | D:1      | Learned a level 2 spell: Searing Ray
   979 | D:1      | Reached XP level 3. HP: 21/21 MP: 0/6
  1334 | D:2      | Found Veitroiru's Distillery.
  1515 | D:2      | Found a faded altar of an unknown god.
  1638 | D:2      | Found a transporter.
  1660 | D:2      | Found a transporter.
  1660 | D:2      | Found Dayhuce's Book Boutique.
  1697 | D:2      | Found Bushapt's Antique Weapon Emporium.
  1700 | D:2      | Found Fethuti's Magic Scroll Boutique.
  1843 | D:2      | Reached skill level 5 in Conjurations
  1883 | D:2      | Found Wuwk's General Store.
  2434 | D:3      | Reached XP level 4. HP: 27/27 MP: 4/7
  2709 | D:3      | Found a runed translucent gate.
  2710 | D:3      | Found a runed translucent gate.
  2715 | D:3      | Found a runed translucent gate.
  2740 | D:3      | Reached XP level 5. HP: 26/31 MP: 3/9
  2808 | D:3      | Noticed a steam dragon
  2808 | D:3      | Noticed Cris's ghost (weakling DgSh)
  2935 | D:3      | Noticed Grinder
  2964 | D:3      | Paralysed by Grinder for 5 turns
  2966 | D:3      | Slain by Grinder

Illustrated notes

Levels and vault maps discovered:
D:1:      shiori_arrival_maze, layout_loops_corners, minmay_tall_x
D:2:      layout_loops_corners, serial_shops, nicolae_lakefront_shop,
          nicolae_shop_drivethru, nicolae_shop_tiny_real_fake_doors, shop, shop,
          ebering_ecumenical_altar_sacrificial, minivault_24, chequers_avenue
D:3:      layout_loops_ring, gammafunk_ghost_split, uniq_grinder

Skill      XL: |  1  2  3  4 |
---------------+-------------+-----
Conjurations   | 5 |  5.8
Spellcasting   | 3 |  3.2
Dodging        | |  2.0
Stealth        | |  2.6

Action                     |  1- 3 |  4- 6 || total
---------------------------+-------+-------++-------
  Melee: Unarmed           |    20 |       ||    20
         Constrict         |     5 |     2 ||     7
         Tentacles         |     3 |       ||     3
         Short sword       |       |     9 ||     9
   Cast: Magic Dart        |    58 |    25 ||    83
         Searing Ray       |     1 |     4 ||     5
 Armour: Skin              |    14 |    15 ||    29
  Dodge: Dodged            |    16 |    15 ||    31

Table legend: (Time is in decaauts)
 A = Elapsed time spent in this place.
 B = Non-inter-level travel time spent in this place.
 C = Inter-level travel time spent in this place.
 D = Time resting spent in this place.
 E = Time spent auto-exploring this place.
 F = Levels seen in this place.
 G = Mean time per level.
                   A        B        C        D        E       F      G
               +--------+--------+--------+--------+--------+-----+--------+
         Total |   2961 |   2810 |    151 |      3 |   2551 |   3 |  987.0 |
       Dungeon |   2961 |   2810 |    151 |      3 |   2551 |   3 |  987.0 |
               +--------+--------+--------+--------+--------+-----+--------+

Top non-repeatable levels by time:
     D:1: 1280 daAuts
     D:2: 1150 daAuts
     D:3: 531 daAuts
